MLB
ARIZONA DIAMONDBACKS @ SAN DIEGO PADRES
04/21/2099
 
TOP OF THE 1ST
Arizona Diamondbacks batting - Pitching for San Diego Padres : LHP Bryant Miller
Pitching: LHP Bryant Miller
Batting: RHB Rafael Estrada 0-0: Called Strike
0-1: Called Strike
0-2: Foul Ball, location: 9LMF
0-2: Foul Ball, location: 9LDF
0-2: Ball
1-2: Foul Ball, location: 5DF
1-2: Strikes out looking
Batting: LHB Travis Lawlor 0-0: Called Strike
0-1: Ball
1-1: Foul Ball, location: 2F
1-2: Ball
2-2: Ball
3-2: Ground out U3 (Groundball, 3, EV 85.0 MPH)
Batting: LHB Eric Lawrence 0-0: Ball
1-0: Called Strike
1-1: Swinging Strike
1-2: Strikes out looking
Top of the 1st over - 0 runs, 0 hits, 0 errors, 0 left on base; Arizona 0 - San Diego 0
BOTTOM OF THE 1ST
San Diego Padres batting - Pitching for Arizona Diamondbacks : RHP Jesse Johnson
Pitching: RHP Jesse Johnson
Batting: LHB Eric Schoonover 0-0: Swinging Strike
0-1: Ball
1-1: Reached on error, E1 (Groundball, 15S, EV 73.1 MPH)
Batting: RHB Jose Barillas 0-0: Fly out, F4 (Popup, 4, EV 50.0 MPH)
Batting: LHB Joel Sherlock 0-0: Fly out, F9 (Flyball, 9D, EV 101.3 MPH)
Batting: RHB Tony Woody 0-0: Fly out, F9 (Flyball, 9S, EV 88.1 MPH)
Bottom of the 1st over - 0 runs, 0 hits, 1 error, 1 left on base; Arizona 0 - San Diego 0
TOP OF THE 2ND
Arizona Diamondbacks batting - Pitching for San Diego Padres : LHP Bryant Miller
Batting: RHB Jesse Cavallaro 0-0: Foul Ball, location: 2F
0-1: Called Strike
0-2: SOLO HOME RUN (Flyball, 7D, EV 95.6 MPH), Distance : 377 ft
Batting: LHB Eric Hamilton 0-0: Called Strike
0-1: Ball
1-1: Ball
2-1: Foul Ball, location: 2F
2-2: Strikes out looking
Batting: RHB Gabe Bankole 0-0: Called Strike
0-1: Fly out, F6 (Popup, 6MS, EV 57.5 MPH)
Batting: RHB Melvin Ramos 0-0: Ball
1-0: Ball
2-0: Ground out 4-3 (Groundball, 4, EV 103.8 MPH)
Top of the 2nd over - 1 run, 1 hit, 0 errors, 0 left on base; Arizona 1 - San Diego 0
BOTTOM OF THE 2ND
San Diego Padres batting - Pitching for Arizona Diamondbacks : RHP Jesse Johnson
Batting: RHB Chris Santos 0-0: Called Strike
0-1: Foul Ball, location: 2F
0-2: Ball
1-2: Foul Ball, location: 23F
1-2: Ball
2-2: Ball
3-2: Ground out 5-3 (Groundball, 56, EV 105.6 MPH)
Batting: RHB Alfredo Beltran 0-0: Ball
1-0: Called Strike
1-1: Fly out, F9 (Flyball, 89S, EV 98.1 MPH)
Batting: RHB Maxwell Judson 0-0: Called Strike
0-1: SINGLE (Line Drive, 89S, EV 97.5 MPH)
Batting: RHB John Ballard 0-0: Foul Ball, location: 2F
0-1: Called Strike
0-2: Foul Ball, location: 7LMFF
0-2: Foul Ball, location: 3SF
0-2: Ball
1-2: Ball
2-2: Ball
3-2: Fly out, F8 (Flyball, 89D, EV 102.5 MPH)
Bottom of the 2nd over - 0 runs, 1 hit, 0 errors, 1 left on base; Arizona 1 - San Diego 0
TOP OF THE 3RD
Arizona Diamondbacks batting - Pitching for San Diego Padres : LHP Bryant Miller
Batting: RHB Shawn Lindsey 0-0: Ball
1-0: Foul Ball, location: 2F
1-1: Swinging Strike
1-2: SINGLE (Flyball, 4D, EV 95.0 MPH)
Batting: LHB Alex Castro 0-0: Swinging Strike
0-1: Swinging Strike
0-2: Foul Ball, location: 7LMF
0-2: Ball
1-2: Ball
2-2: Strikes out looking
Pitching: RHP Jamal Grasty
Batting: RHB Rafael Estrada 0-0: Ball
1-0: Called Strike
1-1: Fielders Choice at 2nd, 4-6 (Groundball, 4, EV 103.1 MPH)
Batting: LHB Travis Lawlor 0-0: Ball
1-0: Called Strike
1-1: Swinging Strike
1-2: Ball
2-2: SINGLE (Flyball, 6MD, EV 92.5 MPH)
Rafael Estrada to second
Batting: LHB Eric Lawrence 0-0: Ball
1-0: Called Strike
1-1: Foul Ball, location: 2F
1-2: Ball
2-2: Foul Ball, location: 23FF
2-2: Strikes out looking
Top of the 3rd over - 0 runs, 2 hits, 0 errors, 2 left on base; Arizona 1 - San Diego 0
BOTTOM OF THE 3RD
San Diego Padres batting - Pitching for Arizona Diamondbacks : RHP Jesse Johnson
Batting: LHB R.J. Correll 0-0: Called Strike
0-1: DOUBLE (Line Drive, 9LM, EV 95.6 MPH)
Batting: LHB Eric Schoonover 0-0: Called Strike
0-1: Foul Ball, location: 2F
0-2: Strikes out swinging
Batting: RHB Jose Barillas 0-0: Ball
1-0: Swinging Strike
1-1: Ground out 6-3 (Groundball, P, EV 89.4 MPH)
R.J. Correll to third
Batting: LHB Joel Sherlock 0-0: Called Strike
0-1: Called Strike
0-2: Ball
1-2: SINGLE (Groundball, 34D, EV 103.8 MPH)
R.J. Correll scores
Batting: RHB Tony Woody 0-0: Called Strike
0-1: Swinging Strike
0-2: Ball
1-2: Fly out, F9 (Flyball, 9D, EV 96.3 MPH)
Bottom of the 3rd over - 1 run, 2 hits, 0 errors, 1 left on base; Arizona 1 - San Diego 1
TOP OF THE 4TH
Arizona Diamondbacks batting - Pitching for San Diego Padres : RHP Jamal Grasty
Batting: RHB Jesse Cavallaro 0-0: Foul Ball, location: 9LMF
0-1: Ball
1-1: Ball
2-1: Swinging Strike
2-2: Ball
3-2: SINGLE (Flyball, 4MD, EV 93.1 MPH)
Batting: LHB Eric Hamilton 0-0: Called Strike
0-1: Ball
1-1: Called Strike
1-2: Strikes out swinging
Batting: RHB Gabe Bankole 0-0: Ball
1-0: Ball
2-0: Foul Ball, location: 2F
2-1: Ball
3-1: Grounds out, U3 (Groundball, 3L, EV 86.3 MPH)
Batting: RHB Melvin Ramos 0-0: Foul Ball, location: 3F
0-1: Ball
1-1: Ball
2-1: SINGLE (Groundball, 4, EV 100.6 MPH) (infield hit)
Jesse Cavallaro to third
Batting: RHB Shawn Lindsey 0-0: SINGLE (Groundball, 6MD, EV 105.6 MPH)
Jesse Cavallaro scores
Melvin Ramos to second
Batting: LHB Alex Castro 0-0: Ball
1-0: Called Strike
1-1: Foul Ball, location: 7LMF
1-2: Ball
2-2: Ball
3-2: Strikes out swinging
Top of the 4th over - 1 run, 3 hits, 0 errors, 2 left on base; Arizona 2 - San Diego 1
BOTTOM OF THE 4TH
San Diego Padres batting - Pitching for Arizona Diamondbacks : RHP Jesse Johnson
Batting: RHB Chris Santos 0-0: Called Strike
0-1: Fly out, F8 (Flyball, 8RXD, EV 101.3 MPH)
Batting: RHB Alfredo Beltran 0-0: Foul Ball, location: 25F
0-1: Ball
1-1: SINGLE (Line Drive, 8LS, EV 98.8 MPH)
Batting: RHB Maxwell Judson 0-0: Foul Ball, location: 2F
0-1: Swinging Strike
0-2: Foul Ball, location: 5F
0-2: Ball
1-2: Fly out, F9 (Flyball, 9D, EV 110.0 MPH)
Batting: RHB John Ballard 0-0: Called Strike
0-1: Foul Ball, location: 25FF
0-2: Foul Ball, location: 2F
0-2: SINGLE (Line Drive, 56D, EV 95.6 MPH)
Alfredo Beltran to second
Runner from 2nd tries for 3rd, SAFE, throw by LF made to third
Batting: LHB R.J. Correll 0-0: Called Strike
0-1: Ball
1-1: Fly out, F8 (Flyball, 78D, EV 101.9 MPH)
Bottom of the 4th over - 0 runs, 2 hits, 0 errors, 2 left on base; Arizona 2 - San Diego 1
TOP OF THE 5TH
Arizona Diamondbacks batting - Pitching for San Diego Padres : RHP Jamal Grasty
Pitching: RHP Chris Penn
Batting: RHB Rafael Estrada 0-0: Foul Ball, location: 5F
0-1: Called Strike
0-2: Ground out 1-3 (Groundball, 13S, EV 74.4 MPH)
Batting: LHB Travis Lawlor 0-0: Foul Ball, location: 2F
0-1: Foul Ball, location: 2F
0-2: Ball
1-2: Foul Ball, location: 2F
1-2: Strikes out looking
Batting: LHB Eric Lawrence 0-0: Ball
1-0: Ball
2-0: SINGLE (Line Drive, 9LS, EV 94.4 MPH)
Batting: RHB Jesse Cavallaro 0-0: Called Strike
0-1: Ball
1-1: Foul Ball, location: 2F
1-2: Foul Ball, location: 5F
1-2: Strikes out swinging
Top of the 5th over - 0 runs, 1 hit, 0 errors, 1 left on base; Arizona 2 - San Diego 1
BOTTOM OF THE 5TH
San Diego Padres batting - Pitching for Arizona Diamondbacks : RHP Jesse Johnson
Batting: LHB Eric Schoonover 0-0: Called Strike
0-1: Ball
1-1: Foul Ball, location: 2F
1-2: Ground out U3 (Groundball, 34S, EV 89.4 MPH)
Batting: RHB Jose Barillas 0-0: Ball
1-0: Ball
2-0: Called Strike
2-1: Fly out, F4 (Popup, 3S, EV 77.5 MPH)
Batting: LHB Joel Sherlock 0-0: Swinging Strike
0-1: Called Strike
0-2: SINGLE (Groundball, 6MD, EV 97.5 MPH)
Batting: RHB Tony Woody 0-0: Ball
1-0: Ball
2-0: Called Strike
2-1: Ball
3-1: Base on Balls
Joel Sherlock to second
Batting: RHB Chris Santos 0-0: Called Strike
0-1: Ball
1-1: Fielders Choice at 2nd, 6-4 (Groundball, 6, EV 81.9 MPH)
Bottom of the 5th over - 0 runs, 1 hit, 0 errors, 2 left on base; Arizona 2 - San Diego 1
TOP OF THE 6TH
Arizona Diamondbacks batting - Pitching for San Diego Padres : RHP Chris Penn
Batting: LHB Eric Hamilton 0-0: Fly out, F8 (Flyball, 8RD, EV 73.8 MPH)
Batting: RHB Gabe Bankole 0-0: Fly out, F9 (Flyball, 9, EV 83.1 MPH)
Batting: RHB Melvin Ramos 0-0: Called Strike
0-1: Ball
1-1: Foul Ball, location: 9LMF
1-2: Strikes out swinging
Top of the 6th over - 0 runs, 0 hits, 0 errors, 0 left on base; Arizona 2 - San Diego 1
BOTTOM OF THE 6TH
San Diego Padres batting - Pitching for Arizona Diamondbacks : RHP Jesse Johnson
Batting: RHB Alfredo Beltran 0-0: Ball
1-0: SINGLE (Line Drive, 9S, EV 86.3 MPH)
Batting: RHB Maxwell Judson 0-0: Called Strike
Alfredo Beltran steals 2nd base
0-1: Foul Ball, location: 2F
0-2: Ball
1-2: DOUBLE (Line Drive, 78D, EV 106.3 MPH)
Alfredo Beltran scores
Batting: RHB John Ballard 0-0: Ground out 6-3 (Groundball, 6, EV 88.8 MPH)
Batting: LHB R.J. Correll 0-0: Called Strike
0-1: Ball
1-1: Foul Ball, location: 2F
1-2: Foul Ball, location: 5F
1-2: Ground out 4-3 (Groundball, 4, EV 106.3 MPH)
Maxwell Judson to third
Batting: LHB Eric Schoonover 0-0: SINGLE (Line Drive, 78M, EV 97.5 MPH)
Maxwell Judson scores
Batting: RHB Jose Barillas 0-0: Swinging Strike
0-1: Foul Ball, location: 5DF
0-2: Ball
1-2: Foul Ball, location: 2F
1-2: Fielders Choice at 2nd, U6 (Groundball, 6M, EV 84.4 MPH)
Bottom of the 6th over - 2 runs, 3 hits, 0 errors, 1 left on base; Arizona 2 - San Diego 3
TOP OF THE 7TH
Arizona Diamondbacks batting - Pitching for San Diego Padres : RHP Chris Penn
Batting: RHB Shawn Lindsey 0-0: Swinging Strike
0-1: SOLO HOME RUN (Flyball, 9D, EV 95.0 MPH), Distance : 367 ft
Batting: LHB Alex Castro 0-0: Foul Ball, location: 2LF
0-1: Ball
1-1: Ball
2-1: Called Strike
2-2: Ball
3-2: Foul Ball, location: 23F
3-2: Ground out U3 (Groundball, 3, EV 81.3 MPH)
Pitching: LHP Jorge Espino
Batting: RHB Rafael Estrada 0-0: Ball
1-0: Foul Ball, location: 9LSFF
1-1: Ball
2-1: Called Strike
2-2: Ball
3-2: Ground out 4-3 (Groundball, 4, EV 88.1 MPH)
Batting: LHB Travis Lawlor 0-0: Ball
1-0: Ball
2-0: Foul Ball, location: 2F
2-1: Ball
3-1: Called Strike
3-2: Base on Balls
Batting: LHB Eric Lawrence 0-0: Swinging Strike
0-1: Ball
1-1: Ball
2-1: Swinging Strike
2-2: SINGLE (Line Drive, 5D, EV 99.4 MPH)
Travis Lawlor to second
Batting: RHB Jesse Cavallaro 0-0: Ball
1-0: Swinging Strike
1-1: Called Strike
1-2: Foul Ball, location: 2F
1-2: Fielders Choice at 2nd, 6-4 (Groundball, 6, EV 97.5 MPH)
Top of the 7th over - 1 run, 2 hits, 0 errors, 2 left on base; Arizona 3 - San Diego 3
BOTTOM OF THE 7TH
San Diego Padres batting - Pitching for Arizona Diamondbacks : RHP Jesse Johnson
Batting: LHB Joel Sherlock 0-0: Ball
1-0: Swinging Strike
1-1: SINGLE (Groundball, 34D, EV 110.0 MPH)
Pitching: RHP Derek Savard
Batting: RHB Tony Woody 0-0: Ball
1-0: Ball
2-0: Swinging Strike
2-1: Ball
3-1: Grounds into double play, 1-6-3 (Groundball, 13S, EV 63.8 MPH)
Batting: RHB Chris Santos 0-0: Ball
1-0: Foul Ball, location: 2F
1-1: Ball
2-1: SINGLE (Groundball, 4D, EV 106.9 MPH)
Batting: RHB Alfredo Beltran 0-0: Ball
1-0: Fly out, F6 (Popup, 6MS, EV 76.3 MPH)
Bottom of the 7th over - 0 runs, 2 hits, 0 errors, 1 left on base; Arizona 3 - San Diego 3
TOP OF THE 8TH
Arizona Diamondbacks batting - Pitching for San Diego Padres : LHP Jorge Espino
Pitching: LHP Seth Oltmans
Pinch Hitting: RHB Kevin Delmotte 0-0: Ground out 5-3 (Groundball, 56S, EV 87.5 MPH)
Batting: RHB Gabe Bankole 0-0: Called Strike
0-1: Foul Ball, location: 2F
0-2: Ground out U3 (Groundball, 3, EV 103.8 MPH)
Batting: RHB Melvin Ramos 0-0: Ball
1-0: Ball
2-0: Ground out 6-3 (Groundball, 6M, EV 106.9 MPH)
Top of the 8th over - 0 runs, 0 hits, 0 errors, 0 left on base; Arizona 3 - San Diego 3
BOTTOM OF THE 8TH
San Diego Padres batting - Pitching for Arizona Diamondbacks : RHP Derek Savard
Now in LF: Kevin Delmotte
Now in RF: Melvin Ramos
Batting: RHB Maxwell Judson 0-0: Swinging Strike
0-1: Foul Ball, location: 3DF
0-2: Foul Ball, location: 2F
0-2: Ball
1-2: Ball
2-2: Fly out, F4 (Popup, 4MD, EV 67.5 MPH)
Batting: RHB John Ballard 0-0: Called Strike
0-1: Foul Ball, location: 9LDF
0-2: Foul Ball, location: 23F
0-2: SINGLE (Groundball, 34D, EV 107.5 MPH)
Pitching: LHP Frank Ippolito
Pinch Hitting: RHB Avery Thomas 0-0: Ball
1-0: Ball
2-0: Ball
3-0: Called Strike
3-1: Base on Balls
John Ballard to second
Batting: LHB Eric Schoonover 0-0: Called Strike
0-1: SINGLE (Line Drive, 8LS, EV 86.9 MPH)
John Ballard to third
Avery Thomas to second
Runner from 3rd tries for Home, SAFE, throw by CF to home
Batting: RHB Jose Barillas 0-0: Ball
1-0: Foul Ball, location: 3FF
1-1: Swinging Strike
1-2: Foul Ball, location: 23F
1-2: SINGLE (Line Drive, 5D, EV 96.9 MPH)
Avery Thomas to third
Eric Schoonover to second
Runner from 3rd tries for Home, SAFE, throw by LF to home
Batting: LHB Joel Sherlock 0-0: Called Strike
0-1: Swinging Strike
0-2: Ball
1-2: Ball
2-2: Foul Ball, location: 2F
2-2: Reached on error, E4 (Groundball, 34, EV 105.0 MPH)
Eric Schoonover to third
Jose Barillas to second
Pitching: RHP Steve Frenn
Batting: RHB Tony Woody 0-0: Ball
1-0: Ball
2-0: Ball
3-0: Called Strike
3-1: Swinging Strike
3-2: Strikes out swinging
Batting: RHB Chris Santos 0-0: Ball
1-0: DOUBLE (Flyball, 8RXD, EV 100.0 MPH)
Eric Schoonover scores
Jose Barillas scores
Joel Sherlock to third
Batting: RHB Alfredo Beltran 0-0: Foul Ball, location: 9LSF
0-1: Ball
1-1: Foul Ball, location: 25FF
1-2: Ball
2-2: Ball
3-2: Ground out 5-3 (Groundball, 56, EV 91.3 MPH)
Bottom of the 8th over - 4 runs, 4 hits, 1 error, 2 left on base; Arizona 3 - San Diego 7
TOP OF THE 9TH
Arizona Diamondbacks batting - Pitching for San Diego Padres : LHP Seth Oltmans
Now in CF: Avery Thomas
Batting: RHB Shawn Lindsey 0-0: Ball
1-0: Foul Ball, location: 2F
1-1: Ball
2-1: Foul Ball, location: 2F
2-2: Ball
3-2: Foul Ball, location: 9LSF
3-2: Base on Balls
Batting: LHB Alex Castro 0-0: Called Strike
0-1: Called Strike
0-2: Strikes out swinging
Batting: RHB Rafael Estrada 0-0: Ball
1-0: Ball
2-0: Ball
3-0: Foul Ball, location: 2F
3-1: Called Strike
3-2: Foul Ball, location: 3FF
3-2: Strikes out swinging
Batting: LHB Travis Lawlor 0-0: Called Strike
0-1: Called Strike
0-2: Foul Ball, location: 2F
0-2: Strikes out swinging
Top of the 9th over - 0 runs, 0 hits, 0 errors, 1 left on base; Arizona 3 - San Diego 7
Thursday, May 2nd , 2024 - OOTP Baseball 24.11 Build 85